[Event "Titled Tuesday Blitz March 21 Late 2023"]
[White "Fernandez Siles, Luis"]
[Black "Gonzalez, Francisco Silva"]
[WhiteFideId "2209420"]
[BlackFideId "1512285"]
[WhiteElo "2186"]
[BlackElo "2074"]
[Result "0-1"]
[Round "10"]
[TimeControl "180+2"]
[Date "2023.03.21"]
[WhiteClock "0:00:05"]
[BlackClock "0:01:02"]

1. d4 Nf6 2. c4 e6 3. Nc3 Bb4 4. e3 O-O 5. Ne2 d5 6. a3 Bd6 7. c5 Be7 8. b4 c6 9. f4 b6 10. Bd2 a5 11. Ng3 Qc7 12. Bd3 Nbd7 13. O-O Ba6 14. Bxa6 Rxa6 15. cxb6 Qxb6 16. bxa5 Qxa5 17. Kh1 Rfa8 18. Qc2 Qd8 19. a4 g6 20. Rfb1 Qc8 21. h3 h5 22. e4 h4 23. Nge2 c5 24. exd5 exd5 25. f5 cxd4 26. Nxd4 Ne4 27. Qb2 Nxd2 28. Qxd2 Qc4 29. Rb7 Bf6 30. Ncb5 Rxa4 31. Rxa4 Qf1+ 32. Kh2 Be5+ 33. g3 hxg3# 0-1


[Site "https://www.chess.com"]

[Event "Titled Tuesday Blitz March 21 Late 2023"]
[White "Fernandez, Maria Florencia"]
[Black "Bhavikatti, Neil"]
[WhiteFideId "116459"]
[BlackFideId "30935024"]
[WhiteElo "2155"]
[BlackElo "2360"]
[Result "1-0"]
[Round "10"]
[TimeControl "180+2"]
[Date "2023.03.21"]
[WhiteClock "0:00:06"]
[BlackClock "0:00:04"]

1. d4 d5 2. c4 e6 3. Nc3 Be7 4. Nf3 Nf6 5. Bf4 O-O 6. e3 Nbd7 7. cxd5 Nxd5 8. Nxd5 exd5 9. Bd3 c5 10. O-O b6 11. Rc1 Bb7 12. Bb1 Nf6 13. Ne5 Ne4 14. f3 Nf6 15. Qd3 g6 16. Qe2 Re8 17. Qf2 Nh5 18. Bh6 Rc8 19. g4 Nf6 20. h4 Nd7 21. h5 Nxe5 22. dxe5 Bg5 23. Bxg5 Qxg5 24. hxg6 hxg6 25. Qg3 Qxe5 26. Qxe5 Rxe5 27. Kf2 Rce8 28. Rfe1 Kg7 29. Rcd1 R5e7 30. Bc2 Rd8 31. Rd2 Red7 32. Red1 d4 33. exd4 cxd4 34. Ba4 Rd6 35. Re1 Re6 36. Rc1 Re3 37. Bd1 Re7 38. Rc4 Red7 39. Ba4 Rd6 40. Rc7 Bd5 41. Rxd4 Bxa2 42. Rxd6 Rxd6 43. Ke3 a6 44. Bc6 Be6 45. Bb7 b5 46. Ba8 Rb6 47. Be4 a5 48. Ra7 a4 49. Kd4 Rd6+ 50. Kc5 Rd2 51. Kxb5 Rxb2+ 52. Kc5 Ra2 53. Kb4 a3 54. Rxa3 Rb2+ 55. Kc3 Rf2 56. Kd4 Rh2 57. Ra7 Rh7 58. Ke5 Rh8 59. Kd4 Rd8+ 60. Ke5 Re8 61. Kf4 Kg8 62. Kg5 Kg7 63. Bxg6 Rc8 64. Bf5 Rc5 65. Re7 Bxf5 66. gxf5 Rd5 67. Rb7 Rc5 68. Kg4 Rd5 69. f4 Rc5 70. Kg5 Rd5 71. Re7 Rc5 72. Ra7 Rd5 73. Kg4 Rc5 74. Ra6 Rd5 75. Kg5 Rc5 76. Kg4 Rd5 77. f6+ Kg6 78. Rc6 Rf5 79. Rd6 Rxf6 80. Rd5 Rc6 81. Rg5+ Kf6 82. Rf5+ Ke7 83. Re5+ Kf6 84. Rf5+ Kg7 85. Re5 f6 86. Re7+ Kg6 87. Re8 Rc1 88. Rg8+ Kf7 89. Rb8 Kg6 90. Rg8+ Kf7 91. Rb8 Rc5 92. f5 Rc4+ 93. Kf3 Rc3+ 94. Ke4 Rc4+ 95. Kd5 Rf4 96. Rb7+ Kf8 97. Ke6 Re4+ 98. Kxf6 Re8 99. Kg6 Re1 100. Kf6 Re2 101. Rb8+ Re8 102. Rxe8+ Kxe8 103. Kg7 1-0


[Site "https://www.chess.com"]

[Event "Titled Tuesday Blitz March 21 Late 2023"]
[White "Baches Garcia, Guillermo"]
[Black "Stachanczyk, Jacek"]
[WhiteFideId "2209764"]
[BlackFideId "1116657"]
[WhiteElo "2445"]
[BlackElo "2084"]
[Result "1/2-1/2"]
[Round "10"]
[TimeControl "180+2"]
[Date "2023.03.21"]
[WhiteClock "0:02:17"]
[BlackClock "0:01:54"]

1. e4 c5 2. Nf3 d6 3. d4 cxd4 4. Nxd4 Nf6 5. Nc3 g6 6. Be3 Bg7 7. f3 O-O 8. Qd2 Nc6 9. O-O-O d5 10. Nxc6 bxc6 11. Bh6 Bxh6 12. Qxh6 Qb6 13. h4 Rb8 14. b3 d4 15. Na4 Qb4 16. h5 Qa3+ 17. Kd2 Qb4+ 18. Kc1 Qa3+ 19. Kd2 Qb4+ 20. Kc1 1/2-1/2


[Site "https://www.chess.com"]

[Event "Titled Tuesday Blitz March 21 Late 2023"]
[White "Wang, Alexander J"]
[Black "Bilan, Danila"]
[WhiteFideId "30955270"]
[BlackFideId "24161918"]
[WhiteElo "2289"]
[BlackElo "2182"]
[Result "0-1"]
[Round "10"]
[TimeControl "180+2"]
[Date "2023.03.21"]
[WhiteClock "0:00:37"]
[BlackClock "0:00:32"]

1. e4 c6 2. d4 d5 3. f3 dxe4 4. fxe4 e5 5. Nf3 Be6 6. c3 Nd7 7. Be3 h6 8. Nbd2 Qc7 9. Bd3 Ngf6 10. h3 Bd6 11. O-O O-O-O 12. a4 exd4 13. cxd4 Bf4 14. Bf2 g5 15. Qe2 g4 16. hxg4 Nxg4 17. b4 Nxf2 18. Rxf2 Nf6 19. a5 Ng4 20. Rff1 Rxd4 21. a6 Rxd3 22. Qxd3 Rd8 23. axb7+ Kb8 24. Qa6 Be3+ 25. Kh1 Rxd2 26. b5 Qg3 27. Rg1 Nf2# 0-1


[Site "https://www.chess.com"]

[Event "Titled Tuesday Blitz March 21 Late 2023"]
[White "Battlecruiser_Operational"]
[Black "Melikhov, Evgeny V."]
[BlackFideId "4122046"]
[WhiteElo "2270"]
[BlackElo "2158"]
[Result "0-1"]
[Round "10"]
[TimeControl "180+2"]
[Date "2023.03.21"]
[WhiteClock "0:00:01"]
[BlackClock "0:00:05"]

1. d4 Nf6 2. Nf3 d5 3. g3 Bg4 4. Bg2 Nbd7 5. O-O e6 6. Nbd2 Bd6 7. c4 c6 8. b3 O-O 9. Bb2 Qe7 10. h3 Bxf3 11. exf3 Ba3 12. Bxa3 Qxa3 13. Re1 a5 14. Qc1 Qxc1 15. Raxc1 a4 16. Rc2 axb3 17. axb3 Ra3 18. f4 Rfa8 19. Kf1 Ra2 20. Rec1 Rxc2 21. Rxc2 Ra1+ 22. Ke2 h5 23. h4 Ng4 24. Bf3 Ndf6 25. Rb2 Kf8 26. c5 Ke7 27. b4 Kd7 28. Nb3 Ra4 29. Na5 Kc7 30. Bg2 Nd7 31. f3 Ngf6 32. Kd3 Ng8 33. Kc3 Ne7 34. Bh3 g6 35. Nb3 Nf5 36. Bxf5 gxf5 37. Nd2 Ra1 38. Rb1 Ra8 39. Kb3 f6 40. Rg1 Rg8 41. Nb1 e5 42. fxe5 fxe5 43. dxe5 Nxe5 44. Nd2 f4 45. g4 hxg4 46. fxg4 f3 47. Kc3 f2 48. Rf1 Nxg4 49. Kd4 Rh8 50. Nf3 Rf8 51. Ng5 Kd7 52. Nh3 Rf3 0-1


[Site "https://www.chess.com"]

[Event "Titled Tuesday Blitz March 21 Late 2023"]
[White "Krzywda, Andrzej"]
[Black "Lauridsen, Jesper Morch"]
[WhiteFideId "1114565"]
[BlackFideId "1401890"]
[WhiteElo "2155"]
[BlackElo "2282"]
[Result "1-0"]
[Round "10"]
[TimeControl "180+2"]
[Date "2023.03.21"]
[WhiteClock "0:00:07"]
[BlackClock "0:00:01"]

1. e4 c5 2. Nf3 d6 3. d4 cxd4 4. Nxd4 Nf6 5. Nc3 e6 6. g4 h6 7. g5 hxg5 8. Bxg5 Be7 9. h4 Nc6 10. Rg1 Qb6 11. Nb3 Bd7 12. Qd2 O-O-O 13. O-O-O Kb8 14. Rg3 Nh5 15. Bxe7 Nxe7 16. Rg5 Bc6 17. Bg2 f6 18. Ra5 g5 19. hxg5 fxg5 20. Rxg5 Nf6 21. Rg7 Nc8 22. Qf4 Rhf8 23. Qd2 Nh5 24. Rg5 Rxf2 25. Qd4 Nf4 26. Qxb6 Nxb6 27. Bh1 Ne2+ 28. Nxe2 Rxe2 29. Nd4 Re3 30. Nxe6 Re8 31. Ng7 Rg8 32. Nf5 Rxg5 33. Nxe3 Kc7 34. Rf1 Nd7 35. Kd2 Ne5 36. b3 Rh5 37. c4 Rh2+ 38. Kc3 Rh3 39. Kd4 a6 40. Bg2 Rh4 41. Rh1 Rf4 42. Rh7+ Kb6 43. a4 Nf3+ 44. Bxf3 Rxf3 45. b4 Rf4 46. Re7 a5 47. b5 1-0


[Site "https://www.chess.com"]

[Event "Titled Tuesday Blitz March 21 Late 2023"]
[White "Ladan, Nicholas"]
[Black "Balla, Tamas-Kristof"]
[WhiteFideId "30918855"]
[BlackFideId "1208497"]
[WhiteElo "2167"]
[BlackElo "2334"]
[Result "1-0"]
[Round "10"]
[TimeControl "180+2"]
[Date "2023.03.21"]
[WhiteClock "0:00:27"]
[BlackClock "0:01:17"]

1. e3 c5 2. c4 g6 3. Nc3 Bg7 4. b3 Nc6 5. Bb2 Nf6 6. g3 O-O 7. Bg2 e6 8. Nge2 d5 9. cxd5 exd5 10. d4 cxd4 11. exd4 Re8 12. O-O Bg4 13. h3 Bf5 14. Nf4 Qd7 15. Kh2 Rad8 16. Rc1 Ne4 17. Nxe4 Bxe4 18. f3 Bf5 19. h4 h5 20. Rf2 Re3 21. Re2 Rde8 22. Rxe3 Rxe3 23. Qd2 Qe7 24. Nxd5 Qd6 25. Nxe3 Bd7 26. d5 Ne5 27. Nc4 Nxc4 28. bxc4 1-0


[Site "https://www.chess.com"]

[Event "Titled Tuesday Blitz March 21 Late 2023"]
[White "Przybylski, Wojciech"]
[Black "Carbone, Diego"]
[WhiteFideId "1117599"]
[BlackFideId "3002179"]
[WhiteElo "2222"]
[BlackElo "2266"]
[Result "0-1"]
[Round "10"]
[TimeControl "180+2"]
[Date "2023.03.21"]
[WhiteClock "0:00:20"]
[BlackClock "0:00:42"]

1. e4 e5 2. Nf3 Nc6 3. Bb5 a6 4. Bxc6 dxc6 5. O-O Bg4 6. h3 h5 7. d3 Qf6 8. Be3 Bxf3 9. Qxf3 Qxf3 10. gxf3 Bd6 11. Nd2 Ne7 12. Rae1 Ng6 13. c3 O-O-O 14. Kg2 Be7 15. d4 exd4 16. cxd4 Nh4+ 17. Kg3 f5 18. e5 g5 19. f4 g4 20. hxg4 fxg4 21. Kh2 c5 22. dxc5 Rxd2 23. Bxd2 Nf3+ 24. Kg2 Nxd2 25. f5 Nxf1 26. f6 Nd2 27. fxe7 Nf3 28. Rd1 Re8 29. c6 bxc6 30. Rc1 Kb7 31. Kg3 Rxe7 32. Kf4 Rxe5 33. b4 Re2 34. Rh1 Rxf2 35. Rxh5 Rxa2 36. Kxg4 Nd4 37. Kf4 Rb2 38. Ke4 Rxb4 39. Kd3 Nb5 40. Rg5 a5 41. Kc2 a4 42. Rg1 a3 43. Ra1 Rb2+ 44. Kd3 Kb6 45. Kc4 a2 46. Kd3 Ka5 47. Kc4 Ka4 48. Rh1 Na3+ 49. Kc3 Rb1 50. Rh8 a1=Q+ 51. Kd3 Qxh8 52. Kd2 Rb2+ 53. Kd3 Qh3+ 54. Ke4 Rb4+ 55. Ke5 Qh5+ 56. Ke6 Re4+ 57. Kd7 c5 58. Kc6 c4 59. Kb7 c3 60. Kc8 c2 61. Kb7 c1=Q 62. Kb8 c5 63. Kc7 c4 64. Kb6 c3 0-1


[Site "https://www.chess.com"]

[Event "Titled Tuesday Blitz March 21 Late 2023"]
[White "Kaplan, Avi Harrison"]
[Black "Gatterer, Florian"]
[WhiteFideId "30934559"]
[BlackFideId "811688"]
[WhiteElo "1983"]
[BlackElo "2221"]
[Result "1-0"]
[Round "10"]
[TimeControl "180+2"]
[Date "2023.03.21"]
[WhiteClock "0:00:07"]
[BlackClock "0:00:01"]

1. e4 d6 2. d4 Nf6 3. Nc3 g6 4. Nge2 Bg7 5. f3 a6 6. a4 b6 7. Be3 Nbd7 8. Qd2 h5 9. g3 Bb7 10. Bg2 c5 11. O-O cxd4 12. Nxd4 Ne5 13. b3 Rc8 14. Rad1 Qc7 15. Nd5 Bxd5 16. exd5 Nxd5 17. Bf2 Nc3 18. Rde1 O-O 19. f4 Ng4 20. Nc6 Rfe8 21. Bd4 Bxd4+ 22. Qxd4 Na2 23. Ra1 e5 24. Qd3 e4 25. Bxe4 Nb4 26. Nxb4 Qc5+ 27. Kh1 Qxb4 28. Bxg6 Re3 29. Qf5 Rc7 30. Bxh5 Nh6 31. Qg5+ Kh7 32. Bf3 Qd4 33. Rad1 Qg7 34. Rxd6 1-0


[Site "https://www.chess.com"]

[Event "Titled Tuesday Blitz March 21 Late 2023"]
[White "TigranHH"]
[Black "Bjelobrk, Igor"]
[BlackFideId "4300726"]
[WhiteElo "2316"]
[BlackElo "2335"]
[Result "0-1"]
[Round "10"]
[TimeControl "180+2"]
[Date "2023.03.21"]
[WhiteClock "0:01:07"]
[BlackClock "0:01:40"]

1. d4 e6 2. Nf3 c5 3. e3 Nf6 4. Nbd2 b6 5. Bd3 Bb7 6. O-O d6 7. b3 Nbd7 8. Bb2 Qc7 9. Qe2 a6 10. c4 Be7 11. a3 O-O 12. b4 Rfe8 13. Rab1 Bf8 14. bxc5 bxc5 15. Bc3 Rab8 16. Nb3 cxd4 17. exd4 e5 18. Ba5 Qc8 19. Bf5 g6 20. Bh3 exd4 21. Qd3 Be4 22. Qxd4 Bxb1 23. Rxb1 Qc6 24. Bc3 Bg7 25. Bxd7 Qxd7 26. c5 Nh5 27. c6 Qc7 28. Qc4 Bxc3 29. Qxc3 Nf4 30. Nbd4 Rxb1+ 0-1


[Site "https://www.chess.com"]

[Event "Titled Tuesday Blitz March 21 Late 2023"]
[White "Skaric, Djuro"]
[Black "Pinheiro, Iung Alicio de O."]
[WhiteFideId "934569"]
[BlackFideId "2104350"]
[WhiteElo "2282"]
[BlackElo "2283"]
[Result "0-1"]
[Round "10"]
[TimeControl "180+2"]
[Date "2023.03.21"]
[WhiteClock "0:00:02"]
[BlackClock "0:00:06"]

1. g3 d5 2. Bg2 Nc6 3. d3 e5 4. Nf3 h6 5. O-O Nf6 6. Nc3 Be6 7. e4 d4 8. Ne2 Qd7 9. c3 dxc3 10. bxc3 O-O-O 11. d4 Nxe4 12. Nxe5 Nxe5 13. Bxe4 Bd5 14. f3 f5 15. Bxd5 Qxd5 16. Nf4 Qf7 17. Qb3 Nc4 18. Nd3 Qd5 19. Rb1 Bd6 20. Nb2 Nb6 21. Qxd5 Nxd5 22. Bd2 b5 23. Nd3 a6 24. Rb3 Rhe8 25. Kg2 Re2+ 26. Rf2 Rde8 27. Rb2 Ne3+ 28. Bxe3 R2xe3 29. Rbd2 g5 30. Nb2 Kb7 31. c4 bxc4 32. Nxc4 R3e7 33. d5 Kc8 34. Rc2 Kd7 35. a3 Re1 36. Rfd2 g4 37. fxg4 fxg4 38. Na5 Bxa3 39. Nc6 Ra1 40. h3 h5 41. hxg4 hxg4 42. Rc4 Ree1 43. Rxg4 Rg1+ 44. Kf3 Raf1+ 45. Ke4 Re1+ 46. Kf5 Bd6 47. Rg7+ Ke8 48. Rb2 Kf8 49. Rh7 Kg8 50. Rd7 Ref1+ 51. Ke4 Rxg3 52. Rb8+ Rf8 53. Rxf8+ Kxf8 54. Rd8+ Kf7 55. Ra8 Rg4+ 56. Kf5 Ra4 57. Rh8 Ra1 58. Rh7+ Kg8 59. Rh4 a5 60. Nd4 a4 61. Kf6 Rf1+ 62. Nf5 a3 63. Ra4 Rf2 64. Ra8+ Bf8 65. Kg6 Rg2+ 66. Kf6 Rf2 67. Ke6 a2 68. Ne7+ Kg7 69. Nf5+ Kg6 70. Nh4+ Kg5 71. Nf5 Re2+ 72. Kd7 Kxf5 73. Kxc7 Bg7 74. d6 a1=Q 75. Rxa1 Bxa1 76. d7 Bf6 77. Kc8 Rc2+ 78. Kb7 Rd2 0-1


[Site "https://www.chess.com"]

[Event "Titled Tuesday Blitz March 21 Late 2023"]
[White "Fajdetic, Hrvoje"]
[Black "Toniutti, Ezio"]
[WhiteFideId "14501945"]
[BlackFideId "113034"]
[WhiteElo "2185"]
[BlackElo "2215"]
[Result "1-0"]
[Round "10"]
[TimeControl "180+2"]
[Date "2023.03.21"]
[WhiteClock "0:00:07"]
[BlackClock "0:00:05"]

1. f4 d5 2. Nf3 Nf6 3. e3 c5 4. d3 Nc6 5. Be2 g6 6. O-O Bg7 7. Ne5 Qc7 8. Nxc6 Qxc6 9. Bf3 O-O 10. Qe1 Bg4 11. Nc3 Bxf3 12. Rxf3 Rfe8 13. e4 d4 14. Nd1 b5 15. Nf2 c4 16. g4 Rac8 17. h4 cxd3 18. cxd3 Qc2 19. h5 gxh5 20. gxh5 Kh8 21. f5 Nd7 22. h6 Be5 23. Bf4 Rg8+ 24. Kh1 Bxf4 25. Rxf4 Ne5 26. Qd1 Rg3 27. Qxc2 Rxc2 28. Rg1 Rxg1+ 29. Kxg1 Rxb2 30. Ng4 Nxd3 31. Rf3 Rb1+ 32. Kh2 Ne1 33. Ra3 Rb2+ 34. Kh3 Rc2 35. Rxa7 Rc8 36. Rxe7 d3 37. Rxf7 Nf3 38. Kg3 Ng5 39. Rd7 Nxe4+ 40. Kf4 Nc5 41. Re7 Rf8 42. Nf6 Ne6+ 43. Rxe6 d2 44. Rd6 Rc8 45. Rxd2 Rc4+ 46. Kg5 Rc7 47. Rd8# 1-0


[Site "https://www.chess.com"]

[Event "Titled Tuesday Blitz March 21 Late 2023"]
[White "Einarsson, Halldor Gretar"]
[Black "Romkachess"]
[WhiteFideId "2300150"]
[WhiteElo "2142"]
[BlackElo "2486"]
[Result "0-1"]
[Round "10"]
[TimeControl "180+2"]
[Date "2023.03.21"]
[WhiteClock "0:00:03"]
[BlackClock "0:00:20"]

1. d4 Nf6 2. c4 e6 3. g3 d5 4. Nf3 Be7 5. Bg2 O-O 6. O-O Nbd7 7. Qc2 c6 8. Nbd2 b6 9. e4 dxc4 10. Nxc4 Bb7 11. Rd1 c5 12. d5 exd5 13. exd5 Bxd5 14. Nce5 Qc8 15. Nxd7 Qxd7 16. Ng5 g6 17. Ne4 Nxe4 18. Rxd5 Qxd5 19. Bxe4 Qe6 20. Bxa8 Rxa8 21. Bf4 Bf6 22. Rd1 Qxa2 23. Rd2 Re8 24. h4 Qe6 25. h5 Qh3 26. Re2 Rxe2 27. Qxe2 Qxh5 28. Qe8+ Kg7 29. Bd6 Bd4 30. Bf8+ Kf6 31. Qe7+ Kf5 32. Qxf7+ Ke4 33. Kg2 Qf5 34. Qb7+ Kd3 35. Qa6+ c4 36. b3 Qxf2+ 37. Kh3 Qf1+ 38. Kh4 Bf6+ 39. Kg4 Qf5# 0-1


[Site "https://www.chess.com"]

[Event "Titled Tuesday Blitz March 21 Late 2023"]
[White "Khatena, Moshe"]
[Black "reevecanada"]
[WhiteFideId "2010461"]
[WhiteElo "2230"]
[BlackElo "2435"]
[Result "0-1"]
[Round "10"]
[TimeControl "180+2"]
[Date "2023.03.21"]
[WhiteClock "0:00:07"]
[BlackClock "0:01:43"]

1. e4 d5 2. exd5 c6 3. d4 Nf6 4. c4 cxd5 5. Nc3 dxc4 6. Bxc4 e6 7. Nf3 Be7 8. O-O O-O 9. Bg5 Nbd7 10. Qe2 a6 11. Rad1 b5 12. Bb3 Nb6 13. Ne5 Bb7 14. f4 b4 15. Na4 Nxa4 16. Bxa4 Nd5 17. Bxe7 Qxe7 18. f5 exf5 19. Rxf5 f6 20. Bb3 fxe5 21. Rxe5 Qf7 22. Bc4 Rae8 23. h3 Kh8 24. Re1 Rxe5 25. dxe5 Nf4 26. Bxf7 Nxe2+ 27. Rxe2 Rxf7 28. Rd2 h6 29. Rd6 Re7 30. e6 Re8 31. Rb6 Bc8 32. e7 Rxe7 33. Rb8 Rc7 34. Rxb4 Rc2 35. Rb8 Kh7 36. a4 Be6 37. b4 Bd5 38. b5 axb5 39. axb5 Rxg2+ 40. Kf1 Rb2 41. b6 Bg2+ 42. Ke1 Bxh3 43. Kd1 Bf5 44. Kc1 Rb3 45. Kd2 h5 46. Rf8 Bg6 47. Rb8 h4 0-1


[Site "https://www.chess.com"]

[Event "Titled Tuesday Blitz March 21 Late 2023"]
[White "Beulen, Marcel"]
[Black "Sabar, Ethmane Daouda"]
[WhiteFideId "1001450"]
[BlackFideId "19600097"]
[WhiteElo "2365"]
[BlackElo "1950"]
[Result "1-0"]
[Round "10"]
[TimeControl "180+2"]
[Date "2023.03.21"]
[WhiteClock "0:00:10"]
[BlackClock "0:00:02"]

1. e4 c5 2. Nf3 Nc6 3. Bb5 e5 4. O-O Nd4 5. Nxd4 cxd4 6. c3 a6 7. Bc4 Qc7 8. Bb3 Bc5 9. cxd4 Bxd4 10. Nc3 Nf6 11. d3 h6 12. Ne2 Ba7 13. Bd2 O-O 14. Rc1 Qd8 15. Bc3 d6 16. Ng3 Bg4 17. Qd2 Qd7 18. d4 exd4 19. Bxd4 Bxd4 20. Qxd4 Rfe8 21. h3 Be6 22. Bxe6 Qxe6 23. f3 Qxa2 24. Nf5 d5 25. Nxh6+ Kf8 26. Qc5+ Re7 27. Nf5 Re8 28. exd5 Qxd5 29. Qxd5 Nxd5 30. Nxe7 Rxe7 31. Rc8+ Re8 32. Rxe8+ Kxe8 33. Rd1 Nb4 34. Kf2 Ke7 35. Ke3 b5 36. Kd4 Kd6 37. h4 a5 38. h5 a4 39. g4 Kc6 40. g5 Nd5 41. h6 gxh6 42. gxh6 Nf6 43. Ke5 Nh7 44. Kd4 b4 45. Kc4 a3 46. bxa3 bxa3 47. Kb3 Ng5 48. Rg1 1-0


[Site "https://www.chess.com"]

[Event "Titled Tuesday Blitz March 21 Late 2023"]
[White "Rose, Felix"]
[Black "Bogaudinov, Rushan"]
[WhiteFideId "5105722"]
[BlackFideId "4129288"]
[WhiteElo "2039"]
[BlackElo "1949"]
[Result "1-0"]
[Round "10"]
[TimeControl "180+2"]
[Date "2023.03.21"]
[WhiteClock "0:00:10"]
[BlackClock "0:00:01"]

1. e4 a6 2. d4 b5 3. Bd3 Bb7 4. a4 b4 5. a5 e6 6. Nf3 Nf6 7. Qe2 d5 8. Nbd2 c5 9. dxc5 Bxc5 10. e5 Nfd7 11. h4 Nc6 12. Nb3 Be7 13. Bg5 h6 14. Bxe7 Qxe7 15. h5 Nc5 16. Nbd4 Nxd3+ 17. cxd3 O-O 18. O-O Rfc8 19. Nxc6 Bxc6 20. Nd4 Bd7 21. f4 Qh4 22. Rf2 Rc7 23. Nc2 Rac8 24. Nxb4 Bb5 25. Qe3 Qxh5 26. g4 Qxg4+ 27. Rg2 Qf5 28. Rf1 f6 29. exf6 Qxf6 30. f5 d4 31. Qxe6+ Qxe6 32. fxe6 Re7 33. Re2 Rce8 34. Rfe1 Rd8 35. Re4 g5 36. Kf2 Kg7 37. Kg3 Rd6 38. Re5 Kg6 39. Nd5 Re8 40. e7 h5 41. Nc7 h4+ 42. Kh2 Rc8 43. e8=Q+ Bxe8 44. Nxe8 Rc2+ 45. Kh1 Rxb2 46. Nxd6 g4 47. R5e4 Kg5 48. Rxd4 h3 49. Re5+ Kh4 50. Nf5+ Kg5 51. Ne3+ Kf6 52. Rf5+ Ke6 53. Re4+ Kd6 54. Nxg4 Rb1+ 55. Kh2 Rb2+ 56. Kxh3 Rd2 57. Rf6+ Kc5 58. Re5+ Kd4 59. Rd6+ Kc3 60. Rc5+ Kb4 61. Rc8 Kb5 62. Rb6+ Kxa5 63. Rb1 Ra2 64. Rc5+ Ka4 65. Rc4+ Ka5 66. Ne5 Rh2+ 67. Kg3 Rh3+ 68. Kf2 Rf3+ 69. Ke2 Rf2+ 70. Ke3 Rf3+ 71. Kd4 Rxd3+ 72. Kc5 Rd5+ 73. Kc6 Rd6+ 74. Kb7 Rb6+ 75. Ka7 1-0


[Site "https://www.chess.com"]

[Event "Titled Tuesday Blitz March 21 Late 2023"]
[White "Jimenez Fernandez, Rebeca"]
[Black "sebastianmarinp"]
[WhiteFideId "32070934"]
[WhiteElo "2008"]
[BlackElo "2305"]
[Result "1-0"]
[Round "10"]
[TimeControl "180+2"]
[Date "2023.03.21"]
[WhiteClock "0:02:26"]
[BlackClock "0:00:59"]

1. e4 e5 2. d4 exd4 3. Qxd4 Nc6 4. Qe3 Nf6 5. Nc3 Be7 6. Bd2 O-O 7. O-O-O d6 8. f4 Be6 9. h3 a6 10. f5 Bd7 11. g4 Ne5 12. g5 Nh5 13. Be2 g6 14. Bxh5 gxh5 15. f6 Ng6 16. fxe7 Qxe7 17. Nd5 Qd8 18. Nf6+ Kh8 19. Bc3 Ne5 20. Bxe5 1-0


[Site "https://www.chess.com"]

[Event "Titled Tuesday Blitz March 21 Late 2023"]
[White "Hartikainen, Jarmo"]
[Black "Vifleemskaia, Svetlana"]
[WhiteFideId "503134"]
[BlackFideId "4129490"]
[WhiteElo "2189"]
[BlackElo "1930"]
[Result "0-1"]
[Round "10"]
[TimeControl "180+2"]
[Date "2023.03.21"]
[WhiteClock "0:00:04"]
[BlackClock "0:00:13"]

1. e4 e5 2. Nf3 Nc6 3. Bc4 Nf6 4. d3 h6 5. c3 d6 6. b4 g5 7. Qb3 Qe7 8. Be3 Bg7 9. Nbd2 Be6 10. a4 Nd8 11. a5 Nh5 12. g3 c6 13. a6 b5 14. Bxe6 Nxe6 15. d4 exd4 16. Nxd4 Nxd4 17. cxd4 O-O 18. O-O Nf6 19. Qd3 Rfe8 20. f3 g4 21. Rae1 gxf3 22. Rxf3 Nxe4 23. Bxh6 Bxh6 24. Nxe4 Kh8 25. Rf6 Bg7 26. Qe3 Qxf6 27. Nxf6 Rxe3 28. Rxe3 Bxf6 29. Rf3 Bxd4+ 30. Kg2 Kg7 31. h4 c5 32. bxc5 dxc5 33. Rf4 Re8 34. g4 b4 35. Rf3 Re3 36. Rf5 b3 37. Rf1 b2 38. Rb1 Ra3 39. g5 Ra1 40. Rxb2 Bxb2 41. h5 Rxa6 42. Kf3 c4 43. Ke4 c3 44. Kd3 Rc6 45. Kc2 a5 46. h6+ Kg6 47. h7 Kxh7 48. g6+ Kxg6 49. Kb3 f5 50. Kc2 f4 0-1


[Site "https://www.chess.com"]

[Event "Titled Tuesday Blitz March 21 Late 2023"]
[White "Bullen, Alex"]
[Black "Albuquerque Junior,Wellington S."]
[WhiteFideId "1801627"]
[BlackFideId "2151480"]
[WhiteElo "2088"]
[BlackElo "2109"]
[Result "1-0"]
[Round "10"]
[TimeControl "180+2"]
[Date "2023.03.21"]
[WhiteClock "0:00:11"]
[BlackClock "0:00:10"]

1. e4 c5 2. Nf3 d6 3. d4 cxd4 4. Nxd4 Nf6 5. Nc3 Nc6 6. g3 e5 7. Nb3 Be7 8. Bg2 a5 9. a4 O-O 10. Nb5 Be6 11. c3 d5 12. exd5 Bxd5 13. O-O Bxg2 14. Kxg2 Qd5+ 15. Qxd5 Nxd5 16. Re1 f6 17. Be3 Nxe3+ 18. Rxe3 Rad8 19. Ree1 Kf7 20. Red1 h5 21. h3 g5 22. Kf3 f5 23. Ke3 b6 24. Nc7 Rxd1 25. Rxd1 Rd8 26. Rxd8 Bxd8 27. Nd5 Ke6 28. c4 Nb8 29. Nc3 Nd7 30. Nb5 Be7 31. Nc7+ Kd6 32. Ne8+ Ke6 33. Ng7+ Kf7 34. Nxh5 Kg6 35. g4 f4+ 36. Ke4 Bc5 37. Nxc5 Nxc5+ 38. Kxe5 Nxa4 39. Nf6 Nxb2 40. Nd5 Nxc4+ 41. Kd4 b5 42. Nc7 Nd6 43. Kd5 Nc4 44. Nxb5 Nd2 45. Kd4 Nf3+ 46. Ke4 Ng1 47. Nd4 Nxh3 48. Kf3 Ng1+ 49. Kg2 Kf6 50. Kxg1 Ke5 51. Nb3 a4 52. Nd2 a3 53. Nc4+ Kd4 54. Nxa3 f3 55. Kh2 Ke4 56. Kg3 Kd3 57. Nb5 Ke2 58. Nc7 Kd3 59. Ne6 Ke4 60. Nxg5+ Ke5 61. Nxf3+ Ke6 62. Kf4 Kf7 63. Nh4 Kf6 64. f3 Kg7 65. Ng2 1-0


[Site "https://www.chess.com"]

[Event "Titled Tuesday Blitz March 21 Late 2023"]
[White "Ruiz Aguilar, Pablo Alexander"]
[Black "Winkels, Marcel"]
[WhiteFideId "4401352"]
[BlackFideId "1003887"]
[WhiteElo "2138"]
[BlackElo "1900"]
[Result "1-0"]
[Round "10"]
[TimeControl "180+2"]
[Date "2023.03.21"]
[WhiteClock "0:00:03"]
[BlackClock "0:00:04"]

1. e4 c5 2. Nf3 e6 3. d4 cxd4 4. Nxd4 a6 5. Nc3 Qc7 6. Bd3 b5 7. O-O Bb7 8. Qe2 Bc5 9. Nb3 Ba7 10. Kh1 Nf6 11. f4 h5 12. Bd2 Ng4 13. a4 b4 14. Nd1 a5 15. Ne3 Bxe3 16. Bxe3 Nc6 17. Bc5 d6 18. Bg1 O-O 19. h3 Nf6 20. Rae1 g6 21. Bh2 Qe7 22. Rd1 Rad8 23. Bb5 d5 24. e5 Ne4 25. Bxc6 Bxc6 26. Nxa5 Bxa4 27. b3 Bd7 28. Ra1 Ra8 29. Qe3 Qd8 30. Nb7 Qc7 31. Nd6 Qxc2 32. Rac1 Qd2 33. Qxd2 Nxd2 34. Rfd1 Nxb3 35. Rc7 Ba4 36. Rb1 Rfb8 37. g4 Nd4 38. f5 gxf5 39. Nxf7 b3 40. Nh6+ Kh8 41. gxf5 Nxf5 42. Nxf5 exf5 43. e6 Rc8 44. Be5+ Kg8 45. Rg1+ Kf8 46. Rf7+ Ke8 47. Rg8# 1-0


[Site "https://www.chess.com"]

[Event "Titled Tuesday Blitz March 21 Late 2023"]
[White "Roman, Rodrigo"]
[Black "dorpato"]
[WhiteFideId "3701220"]
[WhiteElo "1995"]
[BlackElo "2032"]
[Result "1-0"]
[Round "10"]
[TimeControl "180+2"]
[Date "2023.03.21"]
[WhiteClock "0:00:39"]
[BlackClock "0:00:14"]

1. e4 c5 2. Nf3 g6 3. c3 Bg7 4. d4 cxd4 5. cxd4 d5 6. e5 Nc6 7. h3 e6 8. Nc3 a6 9. Be3 f6 10. exf6 Nxf6 11. Qd2 O-O 12. Bd3 Bd7 13. O-O Rc8 14. a3 Na5 15. Ne5 Nb3 16. Qc2 Nxa1 17. Rxa1 Be8 18. Qb3 b5 19. a4 Nd7 20. Nxd7 Bxd7 21. axb5 axb5 22. Qb4 Qe8 23. Ra5 Ra8 24. Nxb5 Rxa5 25. Qxa5 Qa8 26. Qc7 Bxb5 27. Bxb5 Qa1+ 28. Kh2 Qxb2 29. Qd7 Bxd4 30. Qxe6+ Kg7 31. Be8 Bxe3 32. Qe7+ Kh6 33. Qxf8+ Kg5 34. fxe3 Qe5+ 35. Qf4+ Qxf4+ 36. exf4+ Kxf4 37. g3+ Ke3 38. h4 d4 39. g4 d3 40. Kg3 d2 41. Ba4 h6 42. Bd1 Kd3 43. Kf4 Kc3 44. Ke5 Kb2 45. Kf6 h5 46. g5 Kc1 47. Bf3 d1=Q 48. Bxd1 Kxd1 49. Kxg6 Ke2 50. Kxh5 Kf3 51. g6 Ke4 52. g7 Kf5 53. g8=Q 1-0


[Site "https://www.chess.com"]